 Dungeon Crawl Stone Soup version 0.31-a0-175-g9f7f995f2b (webtiles) character file.

Game seed: 1094105182670097079

319 qw the Shooter (level 6, -1/57 HPs)
             Began as a Naga Hunter on June 16, 2023.
             Was an Initiate of Okawaru.
             Slain by a centaur zombie (2 damage)
             ... in an ossuary.
             The game lasted 00:01:01 (2135 turns).

qw the Shooter (Naga Hunter)                        Turns: 2135, Time: 00:01:02

Health: -1/57      AC:  4    Str: 14    XL:     6   Next: 45%
Magic:  6/6        EV:  9    Int:  9    God:    Okawaru [......]
Gold:   120        SH:  0    Dex: 16    Spells: 5/5 levels left

rFire   . . .        Y - +0 shortbow
rCold   . . .        (shield currently unavailable)
rNeg    . . .        c - +0 leather armour
rPois   +            (no helmet)
rElec   .            (no cloak)
rCorr   .            g - +0 pair of gloves
SInv    +            (no barding)
Will    +....        (no amulet)
Stlth   ++           d - ring of willpower
HPRegen 0.29/turn    (no ring)
MPRegen 0.10/turn

%: no passive effects
@: silenced, very slow
A: AC +2, large, see invisible, deformed body, poison resistance, slowness 2,
spit poison 1, naga tail 1
a: Spit Poison, Renounce Religion


You were in an ossuary.
You worshipped Okawaru.
Okawaru was noncommittal.
You visited 1 branch of the dungeon, and saw 4 of its levels.
You also visited: Ossuary.

You collected 120 gold pieces.


Innate Abilities, Weirdness & Mutations

Your serpentine skin is tough. (AC +2)
You have supernaturally acute eyesight. (SInv)
Armour fits poorly on your strangely shaped body.
Your system is resistant to poisons. (rPois)
You cover ground very slowly.
You can spit poison.
You have a snake-like lower body.


   Skills:
 - Level 4.1 Fighting
 + Level 6.0 Ranged Weapons
 - Level 1.5 Dodging
 - Level 1.5 Stealth


You had 5 spell levels left.
You didn't know any spells.
Your spell library was empty.

Inventory:

Hand Weapons
 Y - a +0 shortbow (weapon)
Armour
 c - a +0 leather armour (worn)
 g - a +0 pair of gloves (worn)
Jewellery
 d - a ring of willpower (left hand)
Scrolls
 i - a scroll of identify
Potions
 a - a potion of haste
 b - a potion of enlightenment {unknown}
 e - a potion of magic {unknown}
 f - a potion of brilliance {unknown}
 h - a potion of curing {unknown}
 j - a potion of lignification {unknown}
 k - a potion of might

Dungeon Overview and Level Annotations

Branches:
Dungeon (4/15)            Ossuary (1/1)
 Temple: D:4-7

Altars:
Okawaru


Message History

The arrow closely misses the water moccasin zombie.
The arrow closely misses the adder zombie.
The centaur zombie hits you.
The centaur zombie kicks you but does no damage.
The orc zombie closely misses you.
The water moccasin zombie barely misses you.
The centaur zombie hits you. The centaur zombie barely misses you.
You shoot an arrow.
The arrow barely misses the water moccasin zombie.
The arrow hits the adder zombie.
The adder zombie is severely damaged.
The centaur zombie closely misses you.
The centaur zombie kicks you but does no damage.
The water moccasin zombie bites you.
The orc zombie hits you but does no damage.
You shoot an arrow.
The arrow barely misses the water moccasin zombie.
The arrow completely misses the adder zombie.
The centaur zombie hits you.
The centaur zombie kicks you but does no damage.
The water moccasin zombie barely misses you.
The orc zombie hits you but does no damage.
The centaur zombie hits you but does no damage.
The centaur zombie kicks you but does no damage.
The water moccasin zombie closely misses you.
You shoot an arrow.
The arrow hits the water moccasin zombie.
The water moccasin zombie is almost destroyed.
The centaur zombie hits you.
The centaur zombie kicks you but does no damage.
The orc zombie hits you but does no damage.
The water moccasin zombie bites you.
You shoot an arrow.
The arrow hits the water moccasin zombie.
The water moccasin zombie is almost destroyed.
The centaur zombie hits you but does no damage.
The centaur zombie closely misses you. The water moccasin zombie bites you.
The orc zombie hits you but does no damage.
The centaur zombie hits you. The centaur zombie kicks you.
You die...

#............'........
#....8.......'.......8
#...8#8....#####....8#
#....8...### ###...8
#.......## ##...
#......## ##..
#......# #.. #.....##
##. ###.Z@# #. #'ZZ#
#' #..Z# #. .....# ##.
#...... #.. #......
##.. #...... ##...
#....8.. ###...8
##....8#


You could see an adder zombie, a water moccasin zombie, an orc zombie and a
centaur zombie.

Vanquished Creatures
  A scorpion (Ossuary)
  A water moccasin zombie (Ossuary)
  An orc priest (D:3)
  A scorpion zombie (Ossuary)
  An orc wizard (D:3)
  4 adders (D:2)
  4 adder zombies (Ossuary)
  A worm (D:2)
  2 orcs (D:3)
  8 bats
  4 endoplasms
  A giant cockroach (D:1)
  7 goblins
  10 hobgoblins
  2 jackals (D:3)
  3 quokkas
  4 ball pythons
  5 frilled lizards
  4 gnoll zombies (Ossuary)
  2 goblin zombies (Ossuary)
  7 kobolds
  4 orc zombies (Ossuary)
  4 rats
81 creatures vanquished.

Notes
Turn   | Place    | Note
-------+----------+-------------------------------------------
     0 | D:1      | qw the Naga Hunter began the quest for the Orb.
     0 | D:1      | Reached XP level 1. HP: 19/19 MP: 1/1
     0 | D:1      | 0 ||| qw: Version: 0.2-a-29-g511e9b1
     0 | D:1      | 0 ||| qw: Game counter: 5663
     0 | D:1      | 0 ||| qw: Always use a shield: true
     0 | D:1      | 0 ||| qw: God list: Okawaru
     0 | D:1      | 0 ||| qw: Allow faded altars: false
     0 | D:1      | 0 ||| qw: Do Orc after D:15 true
     0 | D:1      | 0 ||| qw: Do second Lair branch before Depths: true
     0 | D:1      | 0 ||| qw: Lair rune preference: random
     0 | D:1      | 0 ||| qw: Plans: Normal
     0 | D:1      | 0 ||| PLANNING D:1-11
    48 | D:1      | 48 ||| INVOKING Spit Poison.
    52 | D:1      | 52 ||| INVOKING Spit Poison.
    62 | D:1      | 62 ||| INVOKING Spit Poison.
    67 | D:1      | 67 ||| INVOKING Spit Poison.
    92 | D:1      | Found a faded altar of an unknown god.
   124 | D:1      | 124 ||| INVOKING Spit Poison.
   126 | D:1      | Reached skill level 4 in Ranged Weapons
   126 | D:1      | Reached XP level 2. HP: 26/26 MP: 2/2
   195 | D:1      | 195 ||| INVOKING Spit Poison.
   215 | D:1      | 215 ||| INVOKING Spit Poison.
   218 | D:1      | 218 ||| INVOKING Spit Poison.
   372 | D:1      | 372 ||| INVOKING Spit Poison.
   489 | D:1      | 489 ||| INVOKING Spit Poison.
   516 | D:1      | 516 ||| INVOKING Spit Poison.
   543 | D:1      | 543 ||| INVOKING Spit Poison.
   620 | D:1      | 620 ||| UPGRADING to ring of willpower.
   621 | D:1      | 621 ||| READING scroll labelled BURREH AFYJESA.
   624 | D:1      | 624 ||| DRINKING 2 smoky silvery potions.
   625 | D:1      | 625 ||| DROPPING scroll of butterflies.
   626 | D:1      | 626 ||| DROPPING potion of attraction.
   633 | D:2      | 633 ||| INVOKING Spit Poison.
   642 | D:2      | 642 ||| INVOKING Spit Poison.
   651 | D:2      | 651 ||| INVOKING Spit Poison.
   654 | D:2      | 654 ||| INVOKING Spit Poison.
   697 | D:2      | Reached XP level 3. HP: 32/32 MP: 3/3
   721 | D:2      | 721 ||| INVOKING Spit Poison.
   728 | D:2      | 728 ||| INVOKING Spit Poison.
   756 | D:2      | 756 ||| INVOKING Spit Poison.
   760 | D:2      | 760 ||| INVOKING Spit Poison.
   783 | D:2      | 783 ||| INVOKING Spit Poison.
   788 | D:2      | 788 ||| INVOKING Spit Poison.
   795 | D:2      | 795 ||| INVOKING Spit Poison.
   796 | D:2      | 796 ||| INVOKING Spit Poison.
   803 | D:2      | 803 ||| INVOKING Spit Poison.
   832 | D:2      | 832 ||| INVOKING Spit Poison.
   835 | D:2      | Reached skill level 5 in Ranged Weapons
   835 | D:2      | Reached XP level 4. HP: 39/39 MP: 4/4
   881 | D:2      | 881 ||| INVOKING Spit Poison.
   886 | D:2      | 886 ||| INVOKING Spit Poison.
   940 | D:2      | 940 ||| INVOKING Spit Poison.
   995 | D:2      | 995 ||| INVOKING Spit Poison.
  1084 | D:2      | 1084 ||| UPGRADING to +0 pair of gloves.
  1089 | D:2      | 1089 ||| READING scroll labelled DICIOKK BAIL.
  1090 | D:2      | 1090 ||| READING 2 scrolls labelled GAYVVO CUJI.
  1129 | D:3      | 1129 ||| INVOKING Spit Poison.
  1139 | D:3      | 1139 ||| INVOKING Spit Poison.
  1157 | D:3      | 1157 ||| INVOKING Spit Poison.
  1158 | D:3      | 1158 ||| INVOKING Spit Poison.
  1164 | D:3      | 1164 ||| INVOKING Spit Poison.
  1180 | D:3      | 1180 ||| INVOKING Spit Poison.
  1247 | D:3      | 1247 ||| INVOKING Spit Poison.
  1251 | D:3      | 1251 ||| INVOKING Spit Poison.
  1257 | D:3      | 1257 ||| INVOKING Spit Poison.
  1263 | D:3      | 1263 ||| INVOKING Spit Poison.
  1335 | D:3      | Found an iron altar of Okawaru.
  1336 | D:3      | 1336 ||| PLANNING OKAWARU WORSHIP
  1336 | D:3      | 1336 ||| READING scroll labelled RIOHASHUHE.
  1337 | D:3      | 1337 ||| READING 2 scrolls of identify.
  1337 | D:3      | 1337 ||| IDENTIFYING bubbling black potion
  1343 | D:3      | Became a worshipper of Warmaster Okawaru
  1344 | D:3      | 1344 ||| PLANNING D:1-11
  1377 | D:3      | 1377 ||| INVOKING Spit Poison.
  1381 | D:3      | Reached skill level 3 in Fighting
  1383 | D:3      | 1383 ||| INVOKING Spit Poison.
  1387 | D:3      | 1387 ||| INVOKING Spit Poison.
  1391 | D:3      | Reached XP level 5. HP: 22/49 MP: 5/5
  1391 | D:3      | 1391 ||| INVOKING Spit Poison.
  1407 | D:3      | 1407 ||| INVOKING Spit Poison.
  1559 | D:3      | 1559 ||| INVOKING Spit Poison.
  1770 | D:3      | 1770 ||| DRINKING 2 inky potions.
  1778 | D:4      | 1778 ||| PLANNING OSSUARY
  1778 | D:4      | 1778 ||| INVOKING Spit Poison.
  1808 | D:4      | 1808 ||| INVOKING Spit Poison.
  1826 | D:4      | Found a sand-covered staircase.
  1834 | Ossuary  | Entered an ossuary
  1879 | Ossuary  | Reached skill level 6 in Ranged Weapons
  1885 | Ossuary  | Reached XP level 6. HP: 25/56 MP: 6/6
  2027 | Ossuary  | 2027 ||| INVOKING Spit Poison.
  2030 | Ossuary  | 2030 ||| INVOKING Spit Poison.
  2033 | Ossuary  | 2033 ||| INVOKING Spit Poison.
  2133 | Ossuary  | HP: 14/57 [centaur zombie (1)]
  2135 | Ossuary  | HP: 4/57 [water moccasin zombie (6)]
  2135 | Ossuary  | HP: 1/57 [centaur zombie (3)]
  2135 | Ossuary  | Slain by a centaur zombie

Levels and vault maps discovered:
D:1:      saegor_arrival_miasma, layout_basic, shapermc_ecumenical_altar_petra
D:2:      layout_rooms, moated_statue
D:3:      layout_basic, mainiacjoe_overflow_alcove_2, grunt_ministairs_10
D:4:      layout_basic, nicolae_ossuary_entry_plus
Ossuary:  ossuary_hellmonk_silent_tomb

Skill      XL: |  1  2  3  4  5  6 |
---------------+-------------------+-----
Ranged Weapons | 4 5 6 |  6.0
Fighting       | 3 4 |  4.1
Dodging        | |  1.5
Stealth        | |  1.5

Action                     |  1- 3 |  4- 6 || total
---------------------------+-------+-------++-------
   Fire: Shortbow          |    50 |   153 ||   203
Ability: Spit Poison       |    25 |    24 ||    49
    Use: Scroll            |     1 |     4 ||     5
         Potion            |     1 |     1 ||     2
 Armour: Leather armour    |     5 |    55 ||    60
  Dodge: Dodged            |    17 |    73 ||    90

Table legend:
 A = Non-vault XP
 B = Vault XP
 C = Vault XP percentage of total XP
 D = Non-vault monster count
 E = Vault monster count
 F = Vault count percentage of total count
                 A         B        C        D         E       F
            +---------+---------+-------+---------+---------+-------
      Total |     228 |     228 |  50.0 |      62 |      19 |  23.5
            +---------+---------+-------+---------+---------+-------
        D:1 |      26 |       0 |   0.0 |      16 |       0 |   0.0
        D:2 |      87 |       0 |   0.0 |      23 |       0 |   0.0
        D:3 |     109 |       2 |   1.8 |      20 |       2 |   9.1
        D:4 |       6 |       0 |   0.0 |       3 |       0 |   0.0
    Ossuary |       0 |     226 | 100.0 |       0 |      17 | 100.0
            +---------+---------+-------+---------+---------+-------
